 Dungeon Crawl Stone Soup version 0.27-a0-61-g21144fbd99 (webtiles) character file.

Game seed: 8171466344275640903

24 robertstho the Firebug (level 2, 0/15 HPs)
             Began as a Deep Elf Fire Elementalist on Jan 8, 2021.
             Slain by a worm (6 damage)
             ... on level 2 of the Dungeon.
             The game lasted 00:01:04 (1193 turns).

robertstho the Firebug (Deep Elf Fire Elementalist) Turns: 1193, Time: 00:01:05

Health: 0/15       AC:  2    Str:  5    XL:     2   Next: 79%
Magic:  2/8        EV: 13    Int: 19    God:
Gold:   23         SH:  0    Dex: 15    Spells: 7/8 levels left

rFire    . . .     SeeInvis .   c - -2 hand axe (curse)
rCold    . . .     Faith    .   (no shield)
rNeg     . . .     Spirit   .   a - +0 robe
rPois    .         Reflect  .   (no helmet)
rElec    .         Harm     .   (no cloak)
rCorr    .         Rampage  .   (no gloves)
Will     .....                  (no boots)
Stlth    ++........             (no amulet)
HPRegen  0.05/turn              (no ring)
MPRegen  0.11/turn              (no ring)

@: very slightly contaminated
A: no striking features
a: no special abilities


You were on level 2 of the Dungeon.
You visited 1 branch of the dungeon, and saw 2 of its levels.

You collected 23 gold pieces.

Inventory:

Hand Weapons
 c - a cursed -2 hand axe (weapon)
Armour
 a - a +0 robe (worn)
Scrolls
 b - 2 scrolls of identify {unknown}
 d - a scroll of magic mapping {unknown}
 e - a scroll of immolation {unknown}
 g - a scroll of amnesia {unknown}
 i - a scroll of fear {unknown}
Potions
 f - a potion of curing {unknown}
 h - a potion of ambrosia {unknown}
 j - 2 potions of flight {unknown}
 k - a potion of cancellation {unknown}
 l - 3 potions of attraction {unknown}


   Skills:
 + Level 0.1 Fighting
 + Level 2.5 Dodging
 + Level 2.5 Stealth
 * Level 3.5 Spellcasting
 + Level 1.2 Conjurations
 * Level 3.9 Fire Magic


You had 7 spell levels left.
You knew the following spells:

 Your Spells              Type           Power        Failure   Level
a - Foxfire               Conj/Fire      52%          4%          1

Your spell library contained the following spells:

 Spells                   Type           Power        Failure   Level
 Conjure Flame            Conj/Fire      13%          16%         3
 Inner Flame              Hex/Fire       10%          19%         3
 Sticky Flame             Conj/Fire      13%          45%         4
 Fireball                 Conj/Fire      6%           80%         5


Dungeon Overview and Level Annotations

Branches:
Dungeon (2/15)

Altars:


Message History

The worm is heavily wounded.
The worm bites you.
Casting: Foxfire (safe; 4% risk of failure)
Confirm with . or Enter, or press ? or * to list all spells.
You conjure some foxfire!
The foxfire hits the worm but does no damage.
The worm is moderately wounded.
The foxfire hits the worm.
The worm is heavily wounded.
The worm barely misses you.
Unknown command.
Casting: Foxfire (safe; 4% risk of failure)
Confirm with . or Enter, or press ? or * to list all spells.
You conjure some foxfire!
The foxfire hits the worm.
The worm is severely wounded.
The foxfire hits the worm.
The worm is almost dead.
The worm bites you.
You die...

...[... .......
....... ......#
....... ######......#
...#.......( ##
###.#@w.....# #.
#...§.#......
##.#####.##...###
####. #........##...#
#(...######...###
#.....<#........#
#.)†####.##...#.#
##.......##...#.###.#
##...#####.........#


You could see a worm.

Vanquished Creatures
  A leopard gecko (D:1)
  A giant cockroach (D:1)
  2 goblins (D:1)
  3 hobgoblins
  3 jackals (D:2)
  A kobold (D:1)
  3 bats (D:1)
  4 frilled lizards
  3 rats (D:1)
21 creatures vanquished.

Vanquished Creatures (others)
  65 foxfires
65 creatures vanquished.

Grand Total: 86 creatures vanquished

Notes
Turn   | Place    | Note
-------+----------+-------------------------------------------
     0 | D:1      | robertstho the Deep Elf Fire Elementalist began the quest
                  | for the Orb.
     0 | D:1      | Reached XP level 1. HP: 10/10 MP: 6/6
   333 | D:1      | Reached XP level 2. HP: 15/15 MP: 5/8
  1193 | D:2      | Slain by a worm

Illustrated notes

Levels and vault maps discovered:
D:1:      minmay_arrival_up_and_down, layout_basic
D:2:      layout_basic, lemuel_round_altar,
          chequers_ecumenical_altar_simple_redux, uniq_sigmund

Action                   || total
-------------------------++-------
Melee: Hand axe          ||     2
 Cast: Foxfire           ||    41
Armor: Robe              ||     2
Dodge: Dodged            ||    12

Table legend: (Time is in decaauts)
 A = Elapsed time spent in this place.
 B = Non-inter-level travel time spent in this place.
 C = Inter-level travel time spent in this place.
 D = Time resting spent in this place.
 E = Time spent auto-exploring this place.
 F = Levels seen in this place.
 G = Mean time per level.
                   A        B        C        D        E       F      G
               +--------+--------+--------+--------+--------+-----+--------+
         Total |   1192 |   1158 |     34 |      0 |   1038 |   2 |  596.0 |
       Dungeon |   1192 |   1158 |     34 |      0 |   1038 |   2 |  596.0 |
               +--------+--------+--------+--------+--------+-----+--------+

Top non-repeatable levels by time:
     D:1: 1034 daAuts
     D:2: 158 daAuts
